 Dungeon Crawl Stone Soup version 0.25-a0-364-ge76b031 (webtiles) character file.

Game seed: 934635385097343326, levelgen mode: deterministic

375 Birdy the Cleaver (level 6, 0/50 HPs)
             Began as a Hill Orc Gladiator on Jan 4, 2020.
             Slain by an orc wizard
             ... wielding a +0 dagger
              (2 damage)
             ... on level 7 of the Dungeon.
             The game lasted 00:05:18 (4074 turns).

Birdy the Cleaver (Hill Orc Gladiator)              Turns: 4074, Time: 00:05:19

Health: 0/50       AC:  5    Str: 17    XL:     6   Next: 72%
Magic:  0/6        EV: 18    Int:  8    God:
Gold:   131        SH:  0    Dex: 19    Spells: 5/5 levels left

rFire    . . .     SeeInvis .   a - +0 war axe
rCold    . . .     Gourm    .   (no shield)
rNeg     . . .     Faith    .   b - +0 leather armour
rPois    .         Spirit   +   c - +1 helmet
rElec    .         Reflect  .   (no cloak)
rCorr    .         Harm     .   (no gloves)
MR       .....                  (no boots)
Stlth    ++........             l - amulet of guardian spirit
HPRegen  0.16/turn              (no ring)
MPRegen  0.10/turn              (no ring)

@: agile
A: no striking features
a: Convert to Beogh


You were on level 7 of the Dungeon.
You were not hungry.

You visited 1 branch of the dungeon, and saw 6 of its levels.

You collected 131 gold pieces.

Inventory:

Hand Weapons
 a - a +0 war axe (weapon)
Missiles
 d - 2 throwing nets (quivered)
Armour
 b - a +0 leather armour (worn)
 c - a +1 helmet (worn)
 r - the +1 robe of Hisoytott {rElec rN+}
   (You found it on level 5 of the Dungeon)

   It insulates you from electricity.
   It protects you from negative energy.
Jewellery
 l - an amulet of guardian spirit (around neck)
Wands
 p - a wand of random effects (14)
Scrolls
 e - a scroll of enchant armour
 i - a scroll of teleportation
 j - a scroll of amnesia
Potions
 k - a potion of magic
 m - a potion of flight
 n - a potion of cancellation {unknown}
Comestibles
 f - a ration


   Skills:
 - Level 2.4 Fighting
 + Level 9.6 Axes
 - Level 1.7 Throwing
 - Level 2.4 Dodging


You had 5 spell levels left.
You didn't know any spells.
Your spell library was empty.

Dungeon Overview and Level Annotations

Branches:
Dungeon (5/15)
 Temple: D:4-7

Altars:
Fedhas
Gozag
Kikubaaqudgha


Message History

You closely miss the orc wizard. You closely miss the orc warrior.
The orc priest threatens, "By the altar or by the axe, you will meet Beogh!"
The orc priest closely misses you. The orc wizard completely misses you.
The orc warrior misses you.
You closely miss the orc priest.
The orc priest shouts, "Join the one true god or die!"
The orc priest is severely wounded.
You hit the orc wizard.
You hit the orc warrior but do no damage.
The orc priest completely misses you. The orc wizard closely misses you.
You barely miss the orc priest.
The orc priest is severely wounded.
You barely miss the orc wizard.
You hit the orc warrior but do no damage.
The orc warrior completely misses you.
The orc priest looks satisfied for a moment.
The orc priest shouts, "Join the one true god or die!"
The orc priest barely misses you.
The orc wizard hits you with a +0 dagger.
You die...

.. #.
###. .
.## ###
#...#
#...#.#.#
..#...o.#
......o@#
.######o#
.o. ##.##
#.# #+#


You could see an orc warrior, 2 orc priests and an orc wizard.

Vanquished Creatures
  An ogre (D:4)
  A scorpion (D:4)
  A worker ant (D:4)
  3 hound skeletons
  Robin (D:4)
  6 adders
  2 gnolls
  An ooze (D:2)
  An adder skeleton (D:4)
  A worm (D:2)
  3 dart slugs
  2 leopard geckos
  5 orcs
  2 giant cockroaches
  16 goblins
  7 hobgoblins
  2 jackals (D:4)
  5 kobolds
  6 quokkas
  A bat (D:3)
  3 frilled lizards (D:1)
  6 rats
  A plant (D:4)
77 creatures vanquished.

Vanquished Creatures (others)
  7 plants (D:4)
7 creatures vanquished.

Grand Total: 84 creatures vanquished

Notes
Turn   | Place    | Note
-------+----------+-------------------------------------------
     0 | D:1      | Birdy the Hill Orc Gladiator began the quest for the Orb.
     0 | D:1      | Reached XP level 1. HP: 18/18 MP: 1/1
   428 | D:1      | Reached XP level 2. HP: 25/25 MP: 2/2
   532 | D:1      | Reached skill level 5 in Axes
   551 | D:1      | Reached XP level 3. HP: 30/30 MP: 3/3
  1061 | D:2      | Reached skill level 6 in Axes
  1800 | D:3      | Reached XP level 4. HP: 11/37 MP: 4/4
  2336 | D:3      | Found a blossoming altar of Fedhas.
  2671 | D:4      | Reached skill level 7 in Axes
  2727 | D:4      | Reached XP level 5. HP: 20/42 MP: 5/5
  3037 | D:4      | Noticed an ogre
  3053 | D:4      | Killed an ogre
  3053 | D:4      | Reached skill level 8 in Axes
  3053 | D:4      | Reached XP level 6. HP: 22/50 MP: 6/6
  3272 | D:4      | Found an ancient bone altar of Kikubaaqudgha.
  3338 | D:4      | Noticed Robin
  3344 | D:4      | Killed Robin
  3348 | D:4      | Reached skill level 9 in Axes
  4009 | D:5      | Entered Level 5 of the Dungeon
  4014 | D:5      | Got a heavily jewelled robe
  4032 | D:4      | Identified the +1 robe of Hisoytott {rElec rN+} (You found
                  | it on level 5 of the Dungeon)
  4053 | D:5      | Found an opulent altar of Gozag.
  4065 | D:5      | You fall into a shaft and drop 2 floors!
  4066 | D:7      | Noticed an orc warrior
  4071 | D:7      | HP: 1/50 [orc warrior/+0 battleaxe (20)]
  4074 | D:7      | Slain by an orc wizard

Levels and vault maps discovered:
D:1:      dpeg_arrival_concentric_ovals, layout_basic, hangedman_glass_teeth
D:2:      layout_basic, serial_co_window_serial, co_window_paths_a,
          co_window_corner_a, co_window_corner_a, co_window_paths_a,
          co_window_of_opportunity_a, co_window_corner_ca, co_window_2corner,
          co_window_paths_c, co_window_paths_e, co_window_sun, glass_columns_a,
          glass_columns_a, glass_columns_a, glass_columns_a, glass_columns_b
D:3:      layout_loops_ring, fedhas_altar_2
D:4:      wad_woods_stonehenge, layout_loops_ring, uniq_robin
D:5:      layout_cave_pools, lemuel_crystal_altar, first_ration, minmay_circle_x
D:7:      layout_basic, serial_shops, nicolae_shop_waterfront, worms_lemuel,
          uniq_prince_ribbit1

Skill      XL: |  1  2  3  4  5  6 |
---------------+-------------------+-----
Axes           | 5 6 7 8 9 |  9.6
Fighting       | |  2.4
Throwing       | |  1.7
Dodging        | |  2.4

Action                   |  1- 3 |  4- 6 || total
-------------------------+-------+-------++-------
Melee: War axe           |    94 |   180 ||   274
Throw: Throwing net      |       |     2 ||     2
  Use: Potion            |     2 |     2 ||     4
       Scroll            |       |    11 ||    11
 Stab: Sleeping          |     1 |     1 ||     2
       Held in net/web   |       |     1 ||     1
  Eat: Chunk             |     2 |     7 ||     9
       Ration            |       |     1 ||     1
Armor: Leather armour    |    21 |    35 ||    56
Dodge: Dodged            |    53 |   110 ||   163

Table legend:
 A = Non-vault XP
 B = Vault XP
 C = Vault XP percentage of total XP
 D = Non-vault monster count
 E = Vault monster count
 F = Vault count percentage of total count
                 A         B        C        D         E       F
            +---------+---------+-------+---------+---------+-------
      Total |     439 |      97 |  18.1 |      56 |      20 |  26.3
            +---------+---------+-------+---------+---------+-------
        D:1 |      38 |       0 |   0.0 |      15 |       0 |   0.0
        D:2 |      36 |       0 |   0.0 |      10 |       0 |   0.0
        D:3 |      44 |       0 |   0.0 |      12 |       0 |   0.0
        D:4 |     301 |      97 |  24.4 |      17 |      20 |  54.1
        D:5 |      20 |       0 |   0.0 |       2 |       0 |   0.0
            +---------+---------+-------+---------+---------+-------
